 Dungeon Crawl Stone Soup version 0.31-a0-507-gbafd7f5274 (webtiles) character file.

Game seed: 10972092436274266077

1534 Newt the Mimic (level 8, -2/64 HPs)
             Began as a Merfolk Shapeshifter on Aug 9, 2023.
             Slain by a hornet (8 damage)
             ... on level 7 of the Dungeon.
             The game lasted 00:05:48 (6322 turns).

Newt the Mimic (Merfolk Shapeshifter)               Turns: 6322, Time: 00:05:48

Health: -2/64      AC:  6    Str: 18    XL:     8   Next: 86%
Magic:  8/8        EV: 12    Int:  7    God:
Gold:   229        SH:  0    Dex: 14    Spells: 7/7 levels left

rFire   . .          .
                       - Unarmed
rCold   . . .        (shield currently unavailable)
rNeg    . . .        l - +0 acid dragon scales
rPois   .            (no helmet)
rElec   .            (no cloak)
rCorr   +            (no gloves)
SInv    +            (no boots)
Will    .....        (no amulet)
Stlth   +            p - ring of see invisible
HPRegen 0.30/turn    (no ring)
MPRegen 0.11/turn

%: no passive effects
@: mighty, lethally poisoned (-2 -> -11), flux-form, slowed, glowing, very slow
A: glow, contaminating, (nimble swimmer 2), mertail
a: Begin Untransformation


You were on level 7 of the Dungeon.
You were something dangerously unstable.
You visited 1 branch of the dungeon, and saw 7 of its levels.

You collected 229 gold pieces.

Inventory:

Armour
 a - a +0 animal skin
 l - +0 acid dragon scales (worn)
Jewellery
 j - a ring of ice
 p - a ring of see invisible (left hand)
Talismans
 c - a beast talisman
 d - a flux talisman (active)
Scrolls
 e - a scroll of enchant weapon
 i - 2 scrolls of teleportation
 q - a scroll of blinking
 r - a scroll of revelation
 s - a scroll of fear {unknown}
Potions
 b - 3 potions of lignification
 f - a potion of degeneration {unknown}
 g - a potion of invisibility {unknown}
 h - a potion of brilliance {unknown}
 k - a potion of might
 m - a potion of magic {unknown}
 n - a potion of haste {unknown}
 o - 2 potions of cancellation {unknown}


   Skills:
 + Level 6.1 Fighting
 - Level 2.6 Dodging
 - Level 7.0 Unarmed Combat
 - Level 9.0 Shapeshifting


You had 7 spell levels left.
You didn't know any spells.
Your spell library contained the following spells:

 Spells                   Type           Power      Damage    Failure   Level
 Freeze                   Ice            0%         1d3       52%         1
 Necrotise                Necr           0%         1d4       52%         1
 Cigotuvi's Dreadful Rot  Necr/Pois/Air  0%         N/A       67%         2
 Scorch                   Fire           0%         2d5       67%         2
 Dazzling Flash           Conj/Hex       0%         N/A       88%         3
 Frozen Ramparts          Ice            0%         1d1       88%         3
 Hailstorm                Conj/Ice       0%         3d3       88%         3
 Ignite Poison            Fire/Tmut/Pois 0%         N/A       88%         3
 Portal Projectile        Hex/Tloc       0%         N/A       88%         3
 Tukima's Dance           Hex            0%         N/A       88%         3
 Vampiric Draining        Necr           0%         2d6       88%         3
 Volatile Blastmotes      Fire/Tloc      0%         2d10      88%         3
 Flame Wave               Conj/Fire      0%         2d4       99%         4
 Iskenderun's Mystic Bla  Conj/Tloc      0%         2d3       99%         4
 Agony                    Necr           0%         N/A       100%        5
 Freezing Cloud           Conj/Ice/Air   0%         6-21      100%        5
 Starburst                Conj/Fire      0%         6d3       100%        6
 Summon Cactus Giant      Summ           0%         N/A       100%        6
 Maxwell's Capacitive Co  Air            0%         ∞         100%        8


Dungeon Overview and Level Annotations

Branches:
Dungeon (7/15)
 Temple: D:4-7

Altars:
Makhleb
Sif Muna

Shops:
D:6 *

Annotations:
D:7 2 runed translucent doors


Innate Abilities, Weirdness & Mutations

You are something dangerously unstable.
You glow with magical radiation, making you easy to see and hit.
Foes you strike become dangerously contaminated with magical radiation.
You are incapable of wielding weapons or throwing items.
((You are very nimble when in or above water. (Stealth+, EV+, Speed+++)))
Your lower body shifts to a powerful aquatic tail in water.


Message History

You kill the iguana!
No target in view!
Found a stone staircase leading down.
Found a large runed translucent door.
The two-headed ogre shouts in stereo!
There is a stone staircase leading down here.
The yak snorts and paws the ground.
You pick up a book of Frost and begin reading...
You add the spells Freeze, Frozen Ramparts and Hailstorm to your library.
No target in view!
There is an open door here.
A hornet comes into view.
The hornet buzzes angrily.
You hear an angry hiss.
You hear a shout!
Something shouts, "Quit, thou euchred fob-snatching tinkerer!"
You hear a shout!
The hornet stings you.
You are poisoned.
You feel yourself slow down. The hornet closely misses you.
You barely miss the hornet.
You feel very sick. The hornet stings you!
You feel as though you will be slow longer.
The hornet stings you!
You are more poisoned.
You feel as though you will be slow longer.
You hit the hornet.
The hornet begins to glow.
The hornet is lightly wounded.
You feel very sick. The hornet stings you!
You feel as though you will be slow longer.
The hornet stings you!
* * * LOW HITPOINT WARNING * * *
You feel as though you will be slow longer.
Okay, then.
It was a potion of might.
You feel very mighty all of a sudden.
* * * LOW HITPOINT WARNING * * *
You feel very sick. The hornet stings you!
You die...

#..........#####
#..........#
#........#.#
#........#.##
.......+###..#
######..# #..#
##.# ##>#
##y#.####.###
#B##........#
##.'.##++##..#
#####8Y.8##...#
#8....8#...#
#$....|#...#
#)....$#...#
#8....8#.###
##8..8##.#


You could see a hornet (contam).

Vanquished Creatures
  A water moccasin (D:7)
  A black bear (D:7)
  An orc warrior (D:7)
  A sky beast (D:6)
  An ice beast (D:6)
  2 bullfrogs
  2 scorpions
  A howler monkey (D:7)
  3 hounds (D:6)
  4 orc priests
  2 jellies (D:6)
  2 gnoll boudas
  4 iguanas
  2 orc wizards
  A sleepcap (D:5)
  7 adders
  8 gnolls
  A white imp (D:6)
  An ufetubus (D:6)
  4 worms
  3 dart slugs
  17 orcs
  10 endoplasms
  4 giant cockroaches
  5 goblins
  4 hobgoblins
  6 jackals
  4 quokkas
  2 ball pythons
  7 bats
  3 frilled lizards
  6 kobolds
  6 rats
126 creatures vanquished.

Notes
Turn   | Place    | Note
-------+----------+-------------------------------------------
     0 | D:1      | Newt the Merfolk Shapeshifter began the quest for the Orb.
     0 | D:1      | Reached XP level 1. HP: 15/15 MP: 1/1
   172 | D:1      | Reached XP level 2. HP: 14/22 MP: 2/2
   831 | D:1      | Reached XP level 3. HP: 27/29 MP: 3/3
  1537 | D:2      | Found a faded altar of an unknown god.
  1871 | D:2      | Reached skill level 5 in Shapeshifting
  1871 | D:2      | Reached XP level 4. HP: 17/35 MP: 4/4
  2362 | D:3      | Reached XP level 5. HP: 25/41 MP: 5/5
  2405 | D:3      | Reached skill level 6 in Shapeshifting
  3360 | D:4      | Reached XP level 6. HP: 29/49 MP: 6/6
  3568 | D:4      | Reached skill level 5 in Fighting
  4075 | D:5      | Entered Level 5 of the Dungeon
  4459 | D:5      | Reached skill level 5 in Unarmed Combat
  4459 | D:5      | Reached XP level 7. HP: 32/56 MP: 7/7
  5014 | D:6      | Found Uqawexom's Overcharged Wands.
  5021 | D:6      | Reached XP level 8. HP: 59/62 MP: 8/8
  5043 | D:6      | Reached skill level 7 in Shapeshifting
  5635 | D:7      | Reached skill level 8 in Shapeshifting
  5811 | D:7      | Found a shimmering blue altar of Sif Muna.
  5819 | D:7      | Found a burning altar of Makhleb.
  6008 | D:7      | Reached skill level 9 in Shapeshifting
  6304 | D:7      | Found a large runed translucent door.
  6304 | D:7      | Noticed a yak
  6305 | D:7      | Found a large runed translucent door.
  6305 | D:7      | Noticed a two-headed ogre
  6319 | D:7      | Noticed a hornet
  6322 | D:7      | Slain by a hornet

Illustrated notes

Levels and vault maps discovered:
D:1:      ldierk_walled_garden, layout_basic
D:2:      layout_loops_corners, shapermc_ecumenical_altar_notcrosses,
          feat_on_display
D:3:      layout_basic
D:4:      layout_loops_ring, serial_park_tiny_pond
D:5:      layout_basic, minmay_temple_entry_nine_rooms
D:6:      layout_rooms, nicolae_shop_overcharged_wands
D:7:      layout_basic, mainiacjoe_overflow_big_doors,
          minmay_hollow_rounded_squares

Skill      XL: |  1  2  3  4  5  6  7  8 |
---------------+-------------------------+-----
Fighting       | 2 3 4 5 6 |  6.1
Shapeshifting  | 5 6 9 |  9.0
Unarmed Combat | 5 7 |  7.0
Dodging        | |  2.6

Action                     |  1- 3 |  4- 6 |  7- 9 || total
---------------------------+-------+-------+-------++-------
  Melee: Unarmed           |   115 |   208 |   156 ||   479
         Punch             |     3 |       |       ||     3
    Use: Scroll            |       |     7 |     1 ||     8
         Potion            |       |       |     2 ||     2
   Stab: Sleeping          |     3 |       |       ||     3
 Armour: Animal skin       |    13 |       |       ||    13
         Acid dragon scale |    14 |    60 |    48 ||   122
  Dodge: Dodged            |    70 |   135 |    85 ||   290
   Form: Flux              |       |     1 |       ||     1

Table legend: (Time is in decaauts)
 A = Elapsed time spent in this place.
 B = Non-inter-level travel time spent in this place.
 C = Inter-level travel time spent in this place.
 D = Time resting spent in this place.
 E = Time spent auto-exploring this place.
 F = Levels seen in this place.
 G = Mean time per level.
                   A        B        C        D        E       F      G
               +--------+--------+--------+--------+--------+-----+--------+
         Total |   6284 |   6092 |    192 |    974 |   4270 |   7 |  897.7 |
       Dungeon |   6284 |   6092 |    192 |    974 |   4270 |   7 |  897.7 |
               +--------+--------+--------+--------+--------+-----+--------+

Top non-repeatable levels by time:
     D:2: 1450 daAuts
     D:6: 1106 daAuts
     D:1: 886 daAuts
     D:3: 874 daAuts
     D:4: 848 daAuts
     D:7: 729 daAuts
     D:5: 388 daAuts
